 Dungeon Crawl Stone Soup version 0.27-a0-789-g6bb3289e1e (webtiles) character file.

Game seed: 3292125083131041318

45040 robertstho the Marksminotaur (level 13, 0/125 HPs)
             Began as a Minotaur Hunter on Mar 26, 2021.
             Was a High Priest of Okawaru.
             Slain by Poifiw's ghost (4 damage)
             ... on level 4 of the Lair of Beasts.
             The game lasted 00:41:19 (21266 turns).

robertstho the Marksminotaur (Minotaur Hunter)     Turns: 21266, Time: 00:41:20

Health: 0/125      AC: 24    Str: 23    XL:     13   Next: 99%
Magic:  13/17      EV:  9    Int:  5    God:    Okawaru [*****.]
Gold:   572        SH:  0    Dex: 16    Spells: 12/12 levels left

rFire    . . .     SeeInvis +   W - +5 shortbow of Royalism {venom, Int+2 Dex+6}
rCold    . . .     Faith    .   (shield currently unavailable)
rNeg     . . .     Spirit   .   m - +0 plate armour
rPois    +         Reflect  .   K - +0 hat "Quwaneto" {-Cast rElec SInv}
rElec    +         Harm     .   t - +0 cloak
rCorr    +         Rampage  .   r - +0 pair of gloves
Will     .....     NoCast   +   c - +0 pair of boots
Stlth    ..........             M - amulet of regeneration
HPRegen  1.30/turn              A - ring of Tinet {rPois rCorr Int-5 SInv}
MPRegen  0.15/turn              q - +4 ring of protection

@: lethally poisoned (0 -> 1), finesse-ful
A: horns 2, retaliatory headbutt
a: Renounce Religion, Heroism, Finesse


You were on level 4 of the Lair of Beasts.
You worshipped Okawaru.
Okawaru was extremely pleased with you.
You visited 3 branches of the dungeon, and saw 16 of its levels.
You also visited: Sewer, Bailey and Gauntlet.

You collected 1233 gold pieces.
You spent 661 gold pieces at shops.

Inventory:

Hand Weapons
 j - a +4 vorpal great sword
 D - a +1 short sword of electrocution
 I - a +2 war axe of venom
 W - the +5 shortbow of Royalism (weapon) {venom, Int+2 Dex+6}
   (Okawaru gifted it to you on level 4 of the Lair of Beasts)

   It poisons the ammo it fires.
   It affects your intelligence (+2).
   It affects your dexterity (+6).
Missiles
 d - 88 arrows (quivered ammo)
Armour
 c - a +0 pair of boots (worn)
 m - a +0 plate armour (worn)
 r - a +0 pair of gloves (worn)
 t - a +0 cloak (worn)
 B - a +1 scale mail of fire resistance
 K - the +0 hat "Quwaneto" (worn) {-Cast rElec SInv}
   (You found it in a Gauntlet)

   It insulates you from electricity.
   It lets you see invisible.
   It prevents spellcasting.
Jewellery
 b - a ring of positive energy
 p - a ring of flight
 q - a +4 ring of protection (left hand)
 A - the ring of Tinet (right hand) {rPois rCorr Int-5 SInv}
   (You acquired it on level 10 of the Dungeon)

   [ring of resist corrosion]

   It affects your intelligence (-5).
   It protects you from poison.
   It lets you see invisible.
   It provides partial protection from all sources of acid and corrosion.
 M - an amulet of regeneration (around neck)
 T - a ring of magical power
Wands
 n - a wand of paralysis (8)
 u - a wand of random effects (17)
 z - a wand of flame (10)
 C - a wand of polymorph (7)
 J - a wand of iceblast (5)
 O - a wand of digging (5)
Scrolls
 e - 2 scrolls of fog
 h - 2 scrolls of enchant weapon
 o - 2 scrolls of teleportation
 v - 3 scrolls of fear
 y - 2 scrolls of magic mapping
 E - 4 scrolls of blinking
 H - a scroll of immolation
 L - a scroll of summoning
 N - a scroll of enchant armour
 Q - 4 scrolls of identify
 V - a scroll of brand weapon {unknown}
Potions
 a - a potion of haste
 f - 7 potions of mutation
 g - 9 potions of curing
 i - 2 potions of resistance
 l - 3 potions of lignification
 s - 9 potions of flight
 w - a potion of ambrosia
 x - 4 potions of magic
 P - a potion of brilliance
 R - a potion of heal wounds
 S - 2 potions of cancellation {unknown}
Miscellaneous
 k - a tin of tremorstones (2/2)
 F - a condenser vane
 G - a lightning rod (4/4)


   Skills:
 * Level 14.5 Fighting
 + Level 1.6 Short Blades
 + Level 2.7 Axes
 * Level 16.8 Bows
 * Level 13.3 Armour
 + Level 3.2 Dodging
 - Level 0.7 Stealth
 * Level 7.2 Invocations
 + Level 0.8 Evocations


You had 12 spell levels left.
You didn't know any spells.
Your spell library contained the following spells:

 Spells                   Type           Power      Damage    Failure   Level
 Animate Skeleton         Necr           0%         N/A       99%         1
 Apportation              Tloc           0%         N/A       99%         1
 Corona                   Hex            0%         N/A       99%         1
 Shock                    Conj/Air       0%         1d3       99%         1
 Summon Small Mammal      Summ           0%         N/A       99%         1
 Ensorcelled Hibernation  Hex/Ice        0%         N/A       100%        2
 Swiftness                Air            0%         N/A       100%        2
 Confusing Touch          Hex            0%         N/A       100%        3
 Dazzling Flash           Conj/Hex       0%         N/A       100%        3
 Gell's Gravitas          Tloc           0%         N/A       100%        3
 Static Discharge         Conj/Air       0%         N/A       100%        3
 Tukima's Dance           Hex            0%         N/A       100%        3
 Airstrike                Air            0%         N/A       100%        4
 Petrify                  Tmut/Erth      0%         N/A       100%        4
 Lightning Bolt           Conj/Air       0%         1d11      100%        5
 Metabolic Englaciation   Hex/Ice        0%         N/A       100%        5
 Yara's Violent Unravell  Hex/Tmut       0%         3d3       100%        5


Dungeon Overview and Level Annotations

Branches:
Dungeon (11/15)            Temple (1/1) D:5            Lair (4/6) D:8
 Shoals (0/4) Lair:4        Snake (0/4) Lair:3          Orc (0/2) D:10
  Sewer (visited)          Bailey (visited)         Gauntlet (visited)

Altars:
Ashenzari
Cheibriados
Dithmenos
Fedhas
Gozag
Hepliaklqana
Kikubaaqudgha
Makhleb
Nemelex Xobeh
Okawaru
Qazlal
Ru
Sif Muna
Trog
Uskayaw
Vehumet
Wu Jian
Xom
Yredelemnul
Zin
The Shining One

Shops:
D:3 [   D:8 !   D:9 [=?   D:10 *

Annotations:
Lair:4 Poifiw's ghost, journeyman GnFi


Innate Abilities, Weirdness & Mutations

You have a pair of horns on your head.
You reflexively headbutt those who attack you in melee.


Message History

* * * LOW HITPOINT WARNING * * *
Fire: 93 arrows
Press: ? - help, Q - select action, (/) - cycle Shift-Dir - straight line, f/p - Poifiw's ghost
Aim: Poifiw's ghost, wielding a weapon of venom (almost destroyed, 67% to hit)
You shoot an arrow. The arrow hits Poifiw's ghost.
Poifiw's ghost is almost destroyed.
Unknown command.
Fire: 92 arrows
Press: ? - help, Q - select action, (/) - cycle Shift-Dir - straight line, f/p - Poifiw's ghost
Aim: Poifiw's ghost, wielding a weapon of venom (almost destroyed, 67% to hit)
You shoot an arrow. The arrow misses Poifiw's ghost.
The polar bear barely misses you. x2
The polar bear claws you but does no damage.
Poifiw's ghost hits you!
* * * LOW HITPOINT WARNING * * *
Fire: 91 arrows
Press: ? - help, Q - select action, (/) - cycle Shift-Dir - straight line, f/p - Poifiw's ghost
Aim: Poifiw's ghost, wielding a weapon of venom (almost destroyed, 67% to hit)
You shoot an arrow. The arrow barely misses Poifiw's ghost.
The cane toad stings you!
* * * LOW HITPOINT WARNING * * *
You are poisoned.
The cane toad poisons you!
Fire: 90 arrows
Press: ? - help, Q - select action, (/) - cycle Shift-Dir - straight line, f/p - Poifiw's ghost
Aim: Poifiw's ghost, wielding a weapon of venom (almost destroyed, 67% to hit)
You shoot an arrow. The arrow hits Poifiw's ghost.
Poifiw's ghost is almost destroyed.
* * * LOW HITPOINT WARNING * * *
You feel extremely sick.
Fire: 89 arrows
Press: ? - help, Q - select action, (/) - cycle Shift-Dir - straight line, f/p - Poifiw's ghost
Aim: Poifiw's ghost, wielding a weapon of venom (almost destroyed, 67% to hit)
You shoot an arrow.
The arrow hits Poifiw's ghost but does no damage.
Poifiw's ghost is almost destroyed.
The polar bear barely misses you.
The polar bear claws you but does no damage. x2
Poifiw's ghost hits you.
You die...

####P#......................<....
.................................
.................................
.....###'''###...................
.....#.......#...................
.....#.......#........##..P##.#..
P....#.##.##.#(.......##.######..
.....#.##.##.#.W#F....P..........
.....#.##.##.#.#@#....P..........
.....#h.!!}..#.h##...............
.....#.......#..#............#...
.....#########........##.....#...
................#P....##.....#...
.###.##............†.............
.##.#.#................######....
.......<..............#.###P.....
...).............................


You could see a polar bear, a cane toad and Poifiw's ghost.

Vanquished Creatures
  2 dire elephants
  Snorg (D:10)
  5 hydras
  2 death scarabs (Gauntlet)
  A hell hog (Gauntlet)
  A two-headed ogre (D:10)
  Nergalle (D:10)
  A spectral death yak (Gauntlet)
  36 elephants
  A merfolk siren (Lair:4)
  2 gargoyles (D:10)
  14 cane toads
  A troll (D:8)
  A komodo dragon (Lair:2)
  Grinder (D:4)
  2 merfolk (Lair:4)
  2 polar bears
  Prince Ribbit (D:6)
  3 blink frogs (Lair:3)
  A wyvern (D:8)
  A shadow (D:10)
  A spriggan (Lair:2)
  35 yaks
  6 fire bats
  A steam dragon (D:8)
  A basilisk (Lair:3)
  Edmund (D:6)
  Menkaure (D:4)
  Grum (D:10)
  A spectral cane toad (Gauntlet)
  2 nagas (Lair:3)
  12 water moccasins
  4 hell hounds
  A hornet zombie (D:6)
  11 orc warriors
  3 ice beasts
  A spectral torpor snail (Gauntlet)
  A black bear (D:4)
  2 necrophages
  12 wolves
  4 ogres
  10 centaurs
  A phantom (D:6)
  2 kobold brigands
  14 bullfrogs
  A gnoll sergeant (D:10)
  A wyvern zombie (D:7)
  A water moccasin skeleton (D:4)
  4 wights (D:6)
  A howler monkey (D:6)
  4 electric eels
  2 lava snakes (D:10)
  3 centaur zombies
  2 jellies (D:4)
  8 hounds
  2 centaur skeletons
  7 orc priests
  Crazy Yiuf (D:4)
  Jessica (D:2)
  Terence (D:3)
  4 iguanas
  4 orc wizards
  4 hell rats (Lair:3)
  Ijyb (D:2)
  7 adders
  8 gnolls
  A howler monkey skeleton (D:7)
  A river rat (D:3)
  3 white imps
  An ufetubus (D:5)
  2 adder skeletons (D:4)
  6 worms
  3 dart slugs (D:1)
  28 orcs
  12 bats
  15 endoplasms
  6 giant cockroaches
  8 goblins
  9 hobgoblins
  4 jackals (Sewer)
  8 quokkas
  9 ball pythons
  7 frilled lizards
  30 kobolds
  A quokka skeleton (D:4)
  7 rats
  A spectral orc (D:4)
  3 fire vortices (D:10)
440 creatures vanquished.

Vanquished Creatures (others)
  4 demonic plants (Gauntlet)
  81 fungi
  63 plants
  32 withered plants (Gauntlet)
180 creatures vanquished.

Grand Total: 620 creatures vanquished

Notes
Turn   | Place    | Note
-------+----------+-------------------------------------------
     0 | D:1      | robertstho the Minotaur Hunter began the quest for the Orb.
     0 | D:1      | Reached XP level 1. HP: 18/18 MP: 0/0
   138 | D:1      | Reached XP level 2. HP: 25/25 MP: 1/1
   666 | D:1      | Reached skill level 1 in Armour
   881 | D:1      | Reached XP level 3. HP: 27/30 MP: 2/2
   914 | D:1      | Reached skill level 5 in Bows
  1259 | D:2      | Noticed Jessica
  1264 | D:2      | Killed Jessica
  1265 | D:2      | Reached skill level 1 in Short Blades
  1537 | D:2      | Reached XP level 4. HP: 25/37 MP: 3/3
  2059 | D:3      | Noticed Ijyb
  2065 | D:2      | Paralysed by Ijyb for 4 turns
  2085 | D:2      | Paralysed by Ijyb for 3 turns
  2092 | D:2      | Paralysed by Ijyb for 4 turns
  2097 | D:2      | Killed Ijyb
  2291 | D:3      | Reached XP level 5. HP: 45/45 MP: 4/4
  2402 | D:3      | Noticed Terence
  2411 | D:3      | Killed Terence
  2533 | D:3      | Reached skill level 6 in Bows
  2584 | D:3      | Found a glowing drain.
  2589 | Sewer    | Entered a sewer
  2613 | Sewer    | HP: 1/67 [endoplasm/Freeze (5)]
  3416 | Sewer    | HP: 2/45 [worm (3)]
  4245 | D:3      | You fall into a shaft and drop 3 floors!
  4247 | D:6      | Reached XP level 6. HP: 51/51 MP: 5/5
  4399 | D:6      | Noticed an orc warrior
  4425 | D:6      | Killed an orc warrior
  4433 | D:6      | Reached skill level 7 in Bows
  4433 | D:6      | Reached XP level 7. HP: 25/58 MP: 6/6
  4698 | D:6      | Noticed Prince Ribbit
  4718 | D:5      | Entered Level 5 of the Dungeon
  4745 | D:4      | Reached skill level 5 in Armour
  4939 | D:4      | Reached skill level 8 in Bows
  5367 | D:4      | Reached skill level 1 in Axes
  5450 | D:4      | Noticed Menkaure
  5455 | D:4      | Killed Menkaure
  5456 | D:4      | Reached XP level 8. HP: 67/67 MP: 7/7
  5478 | D:4      | Noticed Grinder
  5478 | D:4      | Paralysed by Grinder for 4 turns
  5498 | D:4      | Paralysed by Grinder for 5 turns
  5508 | D:4      | Killed Grinder
  5680 | D:4      | Found a basalt altar of Yredelemnul.
  5766 | D:4      | Found a runed translucent door.
  5767 | D:4      | Noticed Crazy Yiuf
  5964 | D:4      | Found a sacrificial altar of Ru.
  6053 | D:4      | Killed Crazy Yiuf
  6167 | D:3      | Found Wiabaebi's Armour Boutique.
  6205 | D:3      | Found a blossoming altar of Fedhas.
  6223 | D:3      | Reached skill level 5 in Fighting
  6295 | D:4      | Reached skill level 9 in Bows
  6365 | D:5      | Found a snail-covered altar of Cheibriados.
  6390 | D:5      | Found a staircase to the Ecumenical Temple.
  7197 | D:6      | Reached XP level 9. HP: 53/75 MP: 8/8
  7313 | D:6      | Reached skill level 10 in Bows
  7508 | D:6      | Killed Prince Ribbit
  7725 | D:6      | Noticed Edmund
  7755 | D:6      | Killed Edmund
  7923 | D:6      | Reached skill level 11 in Bows
  8371 | Temple   | Entered the Ecumenical Temple
  8573 | Temple   | Became a worshipper of Warmaster Okawaru
  9173 | D:7      | Reached skill level 1 in Invocations
  9218 | D:7      | Reached * piety under Okawaru
  9387 | D:7      | Found a shimmering altar of Xom.
  9639 | D:7      | Found a burning altar of Makhleb.
  9760 | D:7      | Reached skill level 12 in Bows
  9760 | D:7      | Reached XP level 10. HP: 52/86 MP: 10/10
 10450 | D:8      | Found a staircase to the Lair.
 10654 | D:8      | Reached ** piety under Okawaru
 10892 | D:8      | Reached skill level 13 in Bows
 11104 | D:8      | Found a broken altar of Ashenzari.
 11167 | D:8      | Found Vakaot's Distillery.
 11172 | D:8      | Bought a potion of haste for 150 gold pieces
 11172 | D:8      | Bought a potion of curing for 45 gold pieces
 11172 | D:8      | Bought a potion of curing for 45 gold pieces
 11399 | D:8      | Found a hazy altar of Hepliaklqana.
 11402 | D:8      | Found a shadowy altar of Dithmenos.
 11463 | D:8      | Reached *** piety under Okawaru
 11881 | D:9      | Found a flagged portal.
 11916 | Bailey   | Entered a bailey
 12768 | D:9      | Found Okkix's Magic Scroll Shoppe.
 12773 | D:9      | Bought a scroll of immolation for 35 gold pieces
 12773 | D:9      | Bought a scroll of identify for 20 gold pieces
 12773 | D:9      | Bought a scroll of magic mapping for 35 gold pieces
 12773 | D:9      | Bought a scroll of noise for 10 gold pieces
 12773 | D:9      | Bought a scroll of amnesia for 35 gold pieces
 12773 | D:9      | Bought a scroll of identify for 20 gold pieces
 12773 | D:9      | Bought a scroll of blinking for 75 gold pieces
 12773 | D:9      | Bought a scroll of teleportation for 30 gold pieces
 12838 | D:9      | Found Rusia's Jewellery Shoppe.
 13003 | D:9      | Received a gift from Okawaru
 13006 | D:9      | Reached XP level 11. HP: 75/97 MP: 12/12
 13184 | D:9      | Found Lengios's Armour Boutique.
 13503 | D:10     | Entered Level 10 of the Dungeon
 13529 | D:10     | Reached **** piety under Okawaru
 13677 | D:10     | Noticed a two-headed ogre
 13691 | D:10     | Killed a two-headed ogre
 13692 | D:10     | Reached skill level 14 in Bows
 14003 | D:10     | Found a stormy altar of Qazlal.
 14101 | D:10     | Noticed Grum
 14119 | D:10     | Killed Grum
 14193 | D:10     | Found Nedumeit's General Store.
 14202 | D:10     | Bought a scroll of identify for 28 gold pieces
 14202 | D:10     | Bought a scroll of summoning for 133 gold pieces
 14204 | D:10     | Identified a scroll of acquirement
 14207 | D:10     | Acquired the ring of Tinet {rPois rCorr Int-5 SInv}
 14227 | D:10     | Noticed Nergalle
 14232 | D:10     | Reached skill level 10 in Fighting
 14272 | D:10     | Killed Nergalle
 14711 | D:10     | Reached ***** piety under Okawaru
 14715 | D:10     | Received a gift from Okawaru
 14955 | D:10     | Found a staircase to the Orcish Mines.
 15134 | D:10     | Noticed Snorg
 15154 | D:10     | Killed Snorg
 15308 | D:11     | Noticed a boulder beetle
 15311 | D:11     | Noticed a boulder beetle
 15447 | Lair:1   | Entered Level 1 of the Lair of Beasts
 15465 | Lair:1   | Reached skill level 10 in Armour
 15753 | Lair:1   | Received a gift from Okawaru
 15969 | Lair:1   | Reached XP level 12. HP: 110/110 MP: 14/14
 16367 | Lair:2   | Received a gift from Okawaru
 16403 | Lair:2   | Reached skill level 5 in Invocations
 16446 | Lair:2   | Received a gift from Okawaru
 16447 | Lair:2   | Reached skill level 15 in Bows
 16706 | Lair:2   | Noticed an eight-headed hydra
 16754 | Lair:2   | Killed an eight-headed hydra
 16760 | Lair:2   | Received a gift from Okawaru
 16976 | Lair:2   | Received a gift from Okawaru
 17025 | Lair:2   | Noticed a dire elephant
 17073 | Lair:1   | Killed a dire elephant
 18026 | Lair:3   | Noticed a six-headed hydra
 18066 | Lair:3   | Received a gift from Okawaru
 18081 | Lair:3   | Killed a six-headed hydra
 18095 | Lair:3   | Reached XP level 13. HP: 46/122 MP: 9/16
 18098 | Lair:3   | Received a gift from Okawaru
 18113 | Lair:3   | Received a gift from Okawaru
 18251 | Lair:3   | Reached skill level 16 in Bows
 18258 | Lair:3   | Received a gift from Okawaru
 18341 | Lair:3   | Found a gate leading to a gauntlet.
 18351 | Gauntlet | Entered a Gauntlet
 18351 | Gauntlet | Found a transporter.
 18351 | Gauntlet | Found a transporter.
 18351 | Gauntlet | Found a transporter.
 18355 | Gauntlet | Found a transporter.
 18355 | Gauntlet | Found a transporter.
 18369 | Gauntlet | Found a transporter.
 18374 | Gauntlet | Found a transporter.
 18380 | Gauntlet | Found a transporter.
 18388 | Gauntlet | Found a transporter.
 18406 | Gauntlet | Found a transporter.
 18414 | Gauntlet | Found a transporter.
 18432 | Gauntlet | Found a transporter.
 18696 | Gauntlet | Identified the +0 pair of boots of the Worm {Harm Rampage
                  | rC+ Int-2}
 18784 | Gauntlet | Identified the +0 hat "Quwaneto" {-Cast rElec SInv}
 18869 | Gauntlet | Noticed a minotaur
 18870 | Gauntlet | Found the +3 robe of Clouds {+Thunder rCloud rElec}
 18896 | Gauntlet | Identified the +1 ring mail of the Sturgeon {Int+3}
 19003 | Lair:3   | Found a staircase to the Snake Pit.
 19795 | Lair:4   | Noticed Poifiw's ghost (journeyman GnFi)
 19839 | Lair:4   | Noticed a dire elephant
 19852 | Lair:4   | Identified the +6 quarterstaff of Honesty {vorpal, Str+5
                  | Int-5} (Okawaru gifted it to you on level 4 of the Lair of
                  | Beasts)
 19852 | Lair:4   | Received a gift from Okawaru
 20212 | Lair:4   | Found a runed translucent gate.
 20213 | Lair:4   | Found a runed translucent gate.
 20214 | Lair:4   | Found a runed translucent gate.
 20286 | Lair:4   | Killed a dire elephant
 20377 | Lair:4   | Identified the +5 shortbow of Royalism {venom, Int+2 Dex+6}
                  | (Okawaru gifted it to you on level 4 of the Lair of Beasts)
 20377 | Lair:4   | Received a gift from Okawaru
 20595 | Lair:4   | Found a staircase to the Shoals.
 21265 | Lair:4   | HP: 4/125 [poisoned by a cane toad]
 21266 | Lair:4   | Slain by Poifiw's ghost

Illustrated notes

Levels and vault maps discovered:
D:1:      tarquinn_simple_flora_water_a, layout_basic
D:2:      layout_basic, uniq_jessica
D:3:      layout_rooms, fedhas_altar_1, gup_sewer_entry_spiral, serial_shops,
          shop, uniq_terence, uniq_ijyb
D:4:      layout_cave_pools, yredelemnul_forgotten_temple_becter,
          nicolae_ru_the_path_less_chosen, uniq_menkaure,
          uniq_crazy_yiuf_cottage, uniq_grinder
D:5:      layout_cave_pools, cheibriados_altar_2,
          minmay_temple_entry_from_below_b
D:6:      layout_basic, uniq_edmund, uniq_prince_ribbit1
D:7:      layout_basic, tgw_xom, lemuel_centaur_altar
D:8:      layout_loops_corners, riverfiend_overflow_shadow_ancestor,
          nicolae_ashenzari_panopticon, erik_lair_island, serial_shops, shop
D:9:      layout_roguey, serial_shops, kennysheep_little_box,
          nicolae_shop_trees, shop_fountains, enter_bailey_4
D:10:     layout_loops_ring, orc_0_dummy, basic_altar, serial_shops,
          nicolae_shop_trees, hangedman_incinerator, uniq_snorg, uniq_grum,
          uniq_nergalle
D:11:     layout_rooms, wad_mini_maze
Temple:   regret_index_temple_generic_petals
Lair:1:   layout_hall_layers, chequers_serial_rivers_micro_d,
          chequers_serial_rivers_large_a, grunt_forest_small_clearing_treed
Lair:2:   mu_elephants_graveyard, layout_chaotic_city, minivault_23
Lair:3:   layout_roguey, guppyfry_snake_entry_garden, gauntlet_entry_generic,
          serial_bayou_pond_e, infiniplex_staircase_pool
Lair:4:   beast_lair_carwin_large_1, layout_regular_city,
          elwin_shoals_entry_rooms, gammafunk_ghost_split,
          kennysheep_catoblepas_arena

Skill      XL: |  1  2  3  4  5  6  7  8  9 10 11 12 13 |
---------------+----------------------------------------+-----
Armour         | 1 3 4 6 7 8 10 12 13 | 13.3
Bows           | 5 6 7 8 9 12 13 14 15 16 | 16.8
Short Blades   | 1 |  1.6
Fighting       | 3 4 5 7 9 11 13 14 | 14.5
Axes           | 1 2 |  2.7
Invocations    | 1 3 4 6 7 |  7.2
Dodging        | 3 |  3.2
Stealth        | |  0.7
Evocations     | |  0.8

Action                   |  1- 3 |  4- 6 |  7- 9 | 10-12 | 13-15 || total
-------------------------+-------+-------+-------+-------+-------++-------
Melee: Short sword       |    70 |    41 |     1 |       |       ||   112
       Headbutt          |    19 |     8 |     9 |       |       ||    36
       Hand axe          |       |       |    64 |       |       ||    64
 Fire: Shortbow          |       |   219 |   379 |  1322 |   683 ||  2603
Invok: Heroism           |       |       |       |     8 |     7 ||    15
       Finesse           |       |       |       |     4 |     5 ||     9
 Abil: Evoke Flight      |       |     4 |       |     3 |       ||     7
Evoke: Condenser vane    |       |       |       |     1 |       ||     1
  Use: Scroll            |       |     6 |     5 |     8 |     9 ||    28
       Potion            |       |     6 |     2 |     1 |     7 ||    16
Armor: Leather armour    |    11 |       |       |       |       ||    11
       Plate armour      |       |   155 |   184 |   427 |   345 ||  1111
       Skin              |       |     2 |     6 |       |       ||     8
       Scale mail        |       |       |       |       |    13 ||    13
Dodge: Dodged            |    33 |    64 |    89 |   226 |   192 ||   604

Table legend: (Time is in decaauts)
 A = Elapsed time spent in this place.
 B = Non-inter-level travel time spent in this place.
 C = Inter-level travel time spent in this place.
 D = Time resting spent in this place.
 E = Time spent auto-exploring this place.
 F = Levels seen in this place.
 G = Mean time per level.
                   A        B        C        D        E       F      G
               +--------+--------+--------+--------+--------+-----+--------+
         Total |  20644 |  19906 |    738 |   1491 |  14390 |  19 | 1086.5 |
       Dungeon |  12699 |  12101 |    598 |    614 |   9474 |  11 | 1154.5 |
        Temple |    239 |    202 |     37 |      0 |    186 |   1 |  239.0 |
          Lair |   4756 |   4654 |    102 |    153 |   3348 |   4 | 1189.0 |
         Sewer |   1790 |   1790 |      0 |    680 |    666 |   1 | 1790.0 |
        Bailey |    674 |    674 |      0 |      0 |    453 |   1 |  674.0 |
      Gauntlet |    484 |    484 |      0 |     43 |    262 |   1 |  484.0 |
               +--------+--------+--------+--------+--------+-----+--------+

Top non-repeatable levels by time:
   Sewer: 1790 daAuts
     D:7: 1750 daAuts
    D:10: 1744 daAuts
     D:6: 1634 daAuts
     D:4: 1471 daAuts
  Lair:2: 1462 daAuts
     D:8: 1335 daAuts
  Lair:4: 1313 daAuts
     D:1: 1246 daAuts
     D:2: 1032 daAuts
  Lair:3: 1016 daAuts
  Lair:1: 963 daAuts
     D:9: 955 daAuts
     D:5: 909 daAuts
  Bailey: 674 daAuts
